 Dungeon Crawl Stone Soup version 0.31-a0-73-g838c19eb66 (webtiles) character file.

Game seed: 5930609753244449993

40 Colgate the Grave Robber (level 4, -8/33 HPs)
             Began as a Meteoran Necromancer on May 23, 2023.
             Mangled by Duvessa
             ... wielding a +0 short sword
              (11 damage)
             ... on level 4 of the Dungeon.
             The game lasted 00:03:57 (421 turns).

Colgate the Grave Robber (Meteoran Necromancer)      Turns: 421, Time: 00:03:57

Health: -8/33      AC:  2    Str: 10    XL:     4   Next: 0%
Magic:  9/9        EV: 12    Int: 18    God:
Gold:   30         SH:  0    Dex: 14    Spells: 5/9 levels left

rFire   . . .        i - +0 dagger (speed)
rCold   . . .        (no shield)
rNeg    . . .        a - +0 robe
rPois   .            (no helmet)
rElec   .            (no cloak)
rCorr   .            (no gloves)
SInv    .            (no boots)
Will    .....        (no amulet)
Stlth   +            (no ring)
HPRegen 0.25/turn    (no ring)
MPRegen 0.11/turn

%: no passive effects
@: glowing
A: sense surroundings 1, otherworldly, glowing, explore regen
a: no special abilities


You were on level 4 of the Dungeon.
You visited 1 branch of the dungeon, and saw 4 of its levels.

You collected 30 gold pieces.

Inventory:

Hand Weapons
 c - a +0 dagger
 d - a +0 short sword
 i - a +0 dagger of speed (weapon)
Armour
 a - a +0 robe (worn)
Scrolls
 f - 2 scrolls of teleportation {unknown}
 g - a scroll of fog {unknown}
 l - a scroll of enchant weapon {unknown}
 m - 3 scrolls of identify {unknown}
Potions
 b - a potion of magic
 e - a potion of berserk rage {unknown}
 h - 2 potions of mutation {unknown}
 j - 2 potions of invisibility {unknown}
 k - a potion of brilliance {unknown}
 n - a potion of cancellation {unknown}


   Skills:
 - Level 2.4 Dodging
 - Level 1.4 Stealth
 - Level 3.1 Spellcasting
 + Level 5.5 Necromancy


You had 5 spell levels left.
You knew the following spells:

 Your Spells              Type           Power      Damage    Failure   Level
a - Necrotise             Necr           88%        1d8       1%          1
b - Vampiric Draining     Necr           22%        2d7       4%          3

Your spell library contained the following spells:

 Spells                   Type           Power      Damage    Failure   Level
 Animate Dead             Necr           22%        N/A       17%         4
 Agony                    Necr           22%        N/A       43%         5


Dungeon Overview and Level Annotations

Branches:
Dungeon (4/15) Zot: 1980
 Temple: D:4-7

Altars:

Annotations:
D:4 Dowan, Duvessa


Innate Abilities, Weirdness & Mutations

You passively map a small area around you.
You are easily found by Zot.
You glow in the dark.
You regain HP and MP as you explore.


Message History

Aim: an orc, wielding a +0 club and wearing a +0 chain mail (heavily wounded, ally target, chance to affect: 91%)
The orc writhes in agony!
You kill the orc!
The dead are walking!
You have reached level 4!
Items here: a +0 mace; a +0 scale mail.
The floor, spattered with blood.
Unknown command.
You now have 30 gold pieces (gained 10).
Dowan, Brother of Duvessa comes into view.
He is wielding a +0 dagger.
Dowan shouts!
Duvessa, Sister of Dowan comes into view.
She is wielding a +0 short sword.
Dowan drinks a potion.
Dowan suddenly seems more resistant.
Your orc skeleton crumbles into dust!
Your orc skeleton crumbles into dust!
Dowan casts a spell.
Dowan blinks!
Dowan gestures at Duvessa while chanting.
Duvessa seems to speed up.
Things that are here:
a +0 mace; a +0 scale mail
Things that are here:
a +0 dagger; a +0 short sword Duvessa says, "When magic and the sword combine, nothing stands against them."
You see here a +0 hand axe.
Duvessa gestures with her weapon.
Duvessa hits you with a +0 short sword.
Duvessa gestures with her weapon.
Duvessa closely misses you. Duvessa attacks as you move away!
Duvessa hits you with a +0 short sword! Duvessa hits you with a +0 short sword.
Duvessa attacks as you move away! Duvessa hits you with a +0 short sword!
* * * LOW HITPOINT WARNING * * *
Duvessa hits you with a +0 short sword.
* * * LOW HITPOINT WARNING * * *
You see here 7 stones.
Duvessa attacks as you move away! Duvessa closely misses you.
There is a stone staircase leading up here.
Duvessa hits you with a +0 short sword!
You die...

* #.#.###
#.# #.#.e.#
#.# #.###.#
#.#
#.###.###.#
*,
#.........#
,
#####.#####
, * #.#
#######e# *
**
.......@# *
######### ,
, ,, ,


You could see Duvessa (fast) and Dowan.

Vanquished Creatures
  A dart slug (D:3)
  A worm (D:2)
  4 orcs (D:4)
  3 endoplasms (D:1)
  2 giant cockroaches
  A hobgoblin (D:2)
  2 jackals (D:1)
  4 kobolds (D:1)
  A quokka (D:1)
  2 ball pythons (D:1)
  5 bats
26 creatures vanquished.

Vanquished Creatures (collateral kills)
  A goblin (D:1)
  A hobgoblin (D:1)
2 creatures vanquished.

Grand Total: 28 creatures vanquished

Notes
Turn   | Place    | Note
-------+----------+-------------------------------------------
     0 | D:1      | Colgate the Meteoran Necromancer began the quest for the
                  | Orb.
     0 | D:1      | Reached XP level 1. HP: 14/14 MP: 5/5
    96 | D:1      | Reached XP level 2. HP: 20/20 MP: 1/7
   194 | D:1      | Reached XP level 3. HP: 26/26 MP: 4/8
   199 | D:1      | Reached skill level 5 in Necromancy
   209 | D:1      | Learned a level 3 spell: Vampiric Draining
   360 | D:4      | Reached XP level 4. HP: 31/33 MP: 3/9
   382 | D:4      | Noticed Dowan
   382 | D:4      | Noticed Duvessa
   421 | D:4      | Mangled by Duvessa

Illustrated notes

Levels and vault maps discovered:
D:1:      wheals_arrival_linesprint, layout_basic
D:2:      layout_basic, basic_altar, st_stairs_10, item_on_display_a,
          uniq_crazy_yiuf_cottage
D:3:      layout_rooms, vehumet_altar_wand_db,
          gammafunk_temple_overflow_elements, shapermc_ecumenical_altar_gd
D:4:      layout_loops_corners, uniq_duvessa

Skill      XL: |  1  2  3 |
---------------+----------+-----
Spellcasting   | 3 |  3.1
Necromancy     | 5 |  5.5
Dodging        | |  2.4
Stealth        | |  1.4

Action                     |  1- 3 |  4- 6 || total
---------------------------+-------+-------++-------
  Melee: Unarmed           |     2 |       ||     2
         Short sword       |     5 |       ||     5
         Dagger            |     2 |       ||     2
   Cast: Necrotise         |    42 |       ||    42
   Stab: Distracted        |     1 |       ||     1
 Armour: Robe              |     5 |       ||     5
  Dodge: Dodged            |    18 |     2 ||    20

Table legend: (Time is in decaauts)
 A = Elapsed time spent in this place.
 B = Non-inter-level travel time spent in this place.
 C = Inter-level travel time spent in this place.
 D = Time resting spent in this place.
 E = Time spent auto-exploring this place.
 F = Levels seen in this place.
 G = Mean time per level.
                   A        B        C        D        E       F      G
               +--------+--------+--------+--------+--------+-----+--------+
         Total |    418 |    418 |      0 |      0 |    130 |   4 |  104.5 |
       Dungeon |    418 |    418 |      0 |      0 |    130 |   4 |  104.5 |
               +--------+--------+--------+--------+--------+-----+--------+

Top non-repeatable levels by time:
     D:1: 248 daAuts
     D:4: 90 daAuts
     D:2: 46 daAuts
     D:3: 32 daAuts
